Map: Romantyzm ER

Players

ZipperTheFly - Winner!

  • Race: Terran Terran
  • League: Grandmaster
  • Spawn Location: 11:00

Krystianer

  • Race: Protoss Protoss
  • League: Grandmaster
  • Spawn Location: 5:00

Event: DreamHack SC2 Masters 2020 Winter

VOD

Have the link to the VOD?

Description

Time

  • Played on: Oct. 18, 2020, 3:04 p.m.
  • Length: 5:28

All games in this series

Show
View Real Time Build Order
Export as new Build Order

ZipperTheFly Terran - Winner!

Build Orders: 2 Factory, Cyclone Opening 

Get SALT Encoding   

  12  0:00  SCV  
  13  0:12  SCV  
  14  0:17  Supply Depot  
  14  0:24  SCV  
  15  0:39  SCV  
  15  0:40  Barracks  
  16  0:45  Refinery  
  16  0:51  SCV  
  16  0:56  Refinery  
  17  1:03  SCV  
  18  1:15  SCV  
  19  1:27  Orbital Command, Reaper  
  20  1:42  Supply Depot  
  20  1:43  Factory  
  20  1:53  SCV  
  21  2:05  SCV  
  22  2:10  Factory  
  22  2:17  SCV  
  23  2:27  Factory Tech Lab  
  23  2:29  SCV  
  23  2:30  Barracks Reactor  
  23  2:41  SCV  
  24  2:45  Cyclone  
  28  3:01  Factory Tech Lab  
  28  3:04  Supply Depot  
  27  3:16  SCV  
  27  3:17  Siege Tank  
  27  3:23  Marine x2  
  27  3:25  Siege Tank  
  32  3:28  SCV  
  32  3:33  Supply Depot  
  33  3:40  SCV  
  33  3:41  Marine  
  34  3:42  Marine  
  36  3:57  Siege Tank  
  36  3:59  Marine  
  36  4:00  Marine  
  41  4:08  Supply Depot  
  41  4:15  Siege Tank  
  44  4:17  Marine x2  
  46  4:35  Marine x2  
  48  4:40  Bunker  
  48  4:41  Siege Tank  
  51  4:53  Marine  
  51  4:55  Marine  
Show
View Real Time Build Order
Export as new Build Order

Krystianer Protoss 

Build Orders: Blink Stalkers 

Get SALT Encoding   

  12  0:00  Probe  
  13  0:12  Probe  
  14  0:17  Pylon  
  14  0:24  Probe (Chrono Boost)  
  16  0:36  Gateway, Probe (Chrono Boost)  
  16  0:43  Probe (Chrono Boost)  
  16  0:45  Assimilator  
  17  0:51  Probe  
  18  1:03  Probe  
  19  1:15  Probe  
  20  1:23  Cybernetics Core  
  20  1:24  Pylon  
  20  1:26  Zealot  
  20  1:27  Probe  
  23  1:47  Nexus  
  23  1:56  Stalker (Chrono Boost)  
  23  2:00  Warp Gate  
  25  2:04  Probe  
  26  2:08  Assimilator  
  25  2:20  Stalker  
  25  2:26  Probe  
  26  2:38  Probe (Chrono Boost)  
  27  2:49  Probe (Chrono Boost)  
  28  2:51  Twilight Council  
  28  2:54  Probe (Chrono Boost)  
  29  3:00  Probe (Chrono Boost)  
  31  3:10  Probe (Chrono Boost)  
  31  3:12  Probe (Chrono Boost)  
  32  3:16  Probe (Chrono Boost)  
  32  3:17  Probe (Chrono Boost)  
  32  3:21  Gateway  
  32  3:26  Probe  
  33  3:28  Probe  
  33  3:29  Blink (Chrono Boost)  
  33  3:30  Pylon  
  34  3:44  Probe  
  34  3:45  Gateway  
  34  3:47  Probe  
  36  3:54  Stalker  
  38  3:56  Probe  
  38  4:02  Robotics Facility  
  39  4:04  Probe  
  39  4:09  Pylon  
  40  4:10  Probe  
  41  4:20  Stalker  
  41  4:21  Stalker  
  41  4:22  Probe  
  46  4:27  Probe  
  46  4:30  Shield Battery  
  47  4:41  Pylon  
  47  4:43  Stalker  
  47  4:44  Stalker  
  49  4:49  Pylon  
  49  4:52  Pylon  
  49  4:59  Pylon  
  48  5:04  Dark Shrine  
  46  5:14  Stalker  
  46  5:17  Stalker  
  46  5:19  Stalker  
Tags
 
Add a new tag
Caveats
  • Supply blocks, unpowered buildings, or Contaminate may cause inaccurate times.
  • Supply counts are checked every 10 seconds.